 Dungeon Crawl Stone Soup version 0.27-a0-406-g23f261fbd2 (webtiles) character file.

Game seed: 1769328108773051304

3204 jiml777 the Gusty (level 9, -1/58 HPs)
             Began as a Demonspawn Air Elementalist on Feb 22, 2021.
             Was an Initiate of Gozag.
             Slain by a gnoll shaman
             ... wielding the +8 great sword of the Solstice {vorpal, Str+4 Dex+3}
              (3 damage)
             ... in a bailey.
             The game lasted 01:19:19 (8764 turns).

jiml777 the Gusty (Demonspawn Air Elementalist)     Turns: 8764, Time: 01:19:21

Health: -1/58      AC: 11    Str:  9    XL:     9   Next: 65%
Magic:  20/20      EV: 12    Int: 20    God:    Gozag
Gold:   777        SH:  0    Dex: 13    Spells: 7/23 levels left

rFire    . . .     SeeInvis .   y - +7 dagger of Doom {vorpal, rC++}
rCold    + + .     Faith    .   (no shield)
rNeg     . . .     Spirit   .   a - +0 robe
rPois    .         Reflect  .   (helmet unavailable)
rElec    .         Harm     .   (no cloak)
rCorr    .         Rampage  .   g - +2 pair of gloves
Will     +....                  (no boots)
Stlth    +.........             (no amulet)
HPRegen  0.19/turn              d - ring of willpower
MPRegen  0.34/turn              (no ring)

@: sanguine armour, slowed, glowing, very slow
A: horns 3, magic regeneration, sanguine armour 1
a: Renounce Religion, Potion Petition, Call Merchant, Bribe Branch


You were in a bailey.
You worshipped Gozag.
Gozag was pleased with you.
You visited 2 branches of the dungeon, and saw 8 of its levels.
You also visited: Sewer and Bailey.

You collected 870 gold pieces.
You paid 93 gold pieces to Gozag.

Inventory:

Hand Weapons
 b - a +1 vorpal hand axe
 j - a +4 dagger
 t - a +1 hunting sling
 y - the +7 dagger of Doom (weapon) {vorpal, rC++}
   (You found it on level 6 of the Dungeon)

   It inflicts extra damage upon your enemies.
   It greatly protects you from cold.
Missiles
 c - 149 arrows
 e - 68 bolts
 h - 189 stones
 o - 3 throwing nets
 u - 39 sling bullets
Armour
 a - a +0 robe (worn)
 g - a +2 pair of gloves (worn)
Jewellery
 d - a ring of willpower (left hand)
 f - an amulet of faith
 v - a ring of fire
Scrolls
 i - a scroll of identify
 k - 5 scrolls of teleportation
 s - 3 scrolls of magic mapping
 x - a scroll of blinking
 C - 2 scrolls of fog
Potions
 l - 2 potions of lignification {unknown}
 m - a potion of attraction {unknown}
 n - a potion of curing
 q - 2 potions of flight
 r - 2 potions of might
 w - a potion of heal wounds {unknown}
 A - a potion of haste {unknown}
 B - a potion of mutation {unknown}


   Skills:
 + Level 0.7 Fighting
 + Level 0.1 Axes
 + Level 0.1 Slings
 + Level 2.5 Dodging
 + Level 2.7 Stealth
 + Level 7.7 Spellcasting
 + Level 3.6 Conjurations
 * Level 4.8 Translocations
 + Level 7.9 Air Magic


You had 7 spell levels left.
You knew the following spells:

 Your Spells              Type           Power        Failure   Level
a - Shock                 Conj/Air       100%         1%          1
b - Swiftness             Air            39%          1%          2
c - Static Discharge      Conj/Air       30%          2%          3
d - Airstrike             Air            19%          3%          4
e - Apportation           Tloc           54%          1%          1
f - Lightning Bolt        Conj/Air       15%          22%         5

Your spell library contained the following spells:

 Spells                   Type           Power        Failure   Level
 Animate Skeleton         Necr           14%          9%          1
 Beastly Appendage        Tmut           14%          9%          1
 Corona                   Hex            7%           9%          1
 Summon Small Mammal      Summ           28%          9%          1
 Wereblood                Tmut           7%           13%         2
 Spider Form              Tmut/Pois      3%           26%         3
 Ice Form                 Ice/Tmut       7%           65%         4
 Blade Hands              Tmut           3%           94%         5


Dungeon Overview and Level Annotations

Branches:
Dungeon (7/15)             Temple (1/1) D:5           Sewer (visited)
 Bailey (1/1)

Altars:
Ashenzari
Cheibriados
Dithmenos
Elyvilon
Fedhas
Gozag
Hepliaklqana
Kikubaaqudgha
Makhleb
Nemelex Xobeh
Okawaru
Qazlal
Ru
Sif Muna
Trog
Uskayaw
Vehumet
Wu Jian
Xom
Zin
The Shining One


Innate Abilities, Weirdness & Mutations

You have a pair of large horns on your head.
You regenerate magic rapidly.
When seriously injured, your bleeding wounds create armour. (AC +6)


Message History

The curare-tipped dart hits you.
You are more poisoned.
You have difficulty breathing.
You feel as though you will be slow longer.
You feel sick.
The gnoll throws a curare-tipped dart.
The curare-tipped dart closely misses you.
The gnoll shaman prays to its god.
The gnoll shaman is healed somewhat.
You feel sick.
You feel sick.
The gnoll shaman mumbles some strange prayers to its god against you.
You are outlined in light.
You feel sick. The gnoll barely misses you.
There is an empty arch of ancient stone here.
Items here: )) [[.
You feel sick.
Items here: )))))) [[[[[[.
You feel sick.
You feel sick.
The gnoll throws a curare-tipped dart.
The curare-tipped dart hits you.
You are lethally poisoned!
You have difficulty breathing.
* * * LOW HITPOINT WARNING * * *
You feel as though you will be slow longer.
There is a gate leading back out of this place, spattered with blood here.
You feel better.
It was a potion of magic.
Magic courses through your body.
The gnoll shaman hits you with the +8 great sword of the Solstice {vorpal, Str+4 Dex+3}!
* * * LOW HITPOINT WARNING * * *
x2 The gnoll hits you but does no damage.
You feel better. The gnoll barely misses you.
The gnoll shaman barely misses you.
You feel better.
The gnoll hits you from afar with a +0 halberd.
* * * LOW HITPOINT WARNING * * *
The gnoll misses you.
The gnoll shaman hits you with the +8 great sword of the Solstice {vorpal, Str+4 Dex+3}!
* * * LOW HITPOINT WARNING * * *
You die...
Your body crumbles into a pile of gold.

#...≈≈♣♣ ###..≈.♣
#..≈.♣♣ $#..≈..♣ #
#..≈..♣ ##
#..≈..♣♣
.######..≈...♣♣
..#...'......)♣♣♣#
..'...'......)gg@#
..#...'......)♣♣♣#
.######..≈...♣♣ ##
#..≈...♣ #
#..≈...♣ #..≈..♣♣
#..≈.♣♣ ###..≈.♣
#...≈≈♣♣


You could see a gnoll shaman and a gnoll (fast).

Vanquished Creatures
  Prince Ribbit (D:6)
  Eustachio (D:6)
  2 sky beasts (D:6)
  Purgy (Sewer)
  2 ogres
  3 centaurs (D:6)
  2 phantoms
  6 bullfrogs
  4 gnoll sergeants (Bailey)
  A wyvern skeleton (D:6)
  4 howler monkeys
  A quasit (D:4)
  3 gnoll shamans (Bailey)
  4 hounds
  A jelly (D:6)
  2 bullfrog skeletons
  3 orc priests
  7 orc wizards
  5 worker ants (D:4)
  An iguana (D:6)
  A hound skeleton (D:5)
  Robin (D:4)
  2 howler monkey skeletons
  18 gnolls
  7 adders
  2 ufetubi (D:5)
  2 oozes
  An adder zombie (D:5)
  An adder skeleton (D:7)
  5 worms
  A dart slug (D:3)
  10 leopard geckos
  27 orcs
  2 ball pythons (Sewer)
  6 giant cockroaches
  18 goblins
  8 hobgoblins
  3 jackals (D:3)
  6 kobolds
  8 bats
  9 frilled lizards
  A leopard gecko skeleton (D:4)
  9 rats
202 creatures vanquished.

Notes
Turn   | Place    | Note
-------+----------+-------------------------------------------
     0 | D:1      | jiml777 the Demonspawn Air Elementalist began the quest for
                  | the Orb.
     0 | D:1      | Reached XP level 1. HP: 13/13 MP: 3/3
   360 | D:1      | Gained mutation: You regenerate magic rapidly. [demonic
                  | ancestry]
   360 | D:1      | Reached XP level 2. HP: 19/19 MP: 3/5
  1359 | D:2      | Gained mutation: You have a pair of small horns on your
                  | head. [demonic ancestry]
  1359 | D:2      | Reached XP level 3. HP: 24/24 MP: 1/6
  2083 | D:2      | Found an ornate altar of the Wu Jian Council.
  2238 | D:3      | Found a glowing drain.
  2267 | Sewer    | Entered a sewer
  2395 | Sewer    | Reached XP level 4. HP: 16/30 MP: 3/8
  2626 | Sewer    | Noticed Purgy
  2645 | Sewer    | Killed Purgy
  2646 | Sewer    | Reached XP level 5. HP: 20/35 MP: 3/9
  3821 | D:3      | Gained mutation: You have a pair of horns on your head.
                  | [demonic ancestry]
  3821 | D:3      | Reached XP level 6. HP: 42/42 MP: 7/11
  3918 | D:4      | Learned a level 2 spell: Swiftness
  3922 | D:4      | Learned a level 3 spell: Static Discharge
  3927 | D:4      | Learned a level 4 spell: Airstrike
  4239 | D:4      | Learned a level 1 spell: Apportation
  4578 | D:4      | Gained mutation: You have a pair of large horns on your
                  | head. [demonic ancestry]
  4578 | D:4      | Reached XP level 7. HP: 47/47 MP: 5/13
  4713 | D:4      | Reached skill level 1 in Translocations
  4842 | D:4      | Noticed Robin
  4868 | D:4      | Killed Robin
  4869 | D:4      | Reached skill level 5 in Air Magic
  5152 | D:5      | Entered Level 5 of the Dungeon
  5252 | D:5      | Found a staircase to the Ecumenical Temple.
  5272 | Temple   | Entered the Ecumenical Temple
  5482 | Temple   | Became a worshipper of Gozag Ym Sagoz the Greedy
  5769 | D:5      | Reached skill level 5 in Spellcasting
  6009 | D:5      | Reached XP level 8. HP: 53/53 MP: 7/15
  6176 | D:6      | Found a stormy altar of Qazlal.
  6186 | D:6      | Got a crystal dagger
  6186 | D:6      | Identified the +7 dagger of Doom {vorpal, rC++} (You found
                  | it on level 6 of the Dungeon)
  6682 | D:6      | Noticed Prince Ribbit
  6765 | D:6      | Noticed Eustachio
  6907 | D:6      | Killed Eustachio
  6908 | D:6      | Gained mutation: When seriously injured, your bleeding
                  | wounds create armour. (AC +6) [demonic ancestry]
  6908 | D:6      | Reached XP level 9. HP: 57/58 MP: 13/19
  7036 | D:6      | Learned a level 5 spell: Lightning Bolt
  7042 | D:6      | Found a hazy altar of Hepliaklqana.
  7235 | D:6      | Killed Prince Ribbit
  7314 | D:6      | Found a radiant altar of Vehumet.
  7390 | D:6      | Found a blossoming altar of Fedhas.
  7746 | D:7      | Found a flagged portal.
  7779 | Bailey   | Entered a bailey
  8740 | Bailey   | Identified the +8 great sword of the Solstice {vorpal,
                  | Str+4 Dex+3}
  8764 | Bailey   | HP: 2/58 [gnoll shaman/the +8 great sword of the Solstice
                  | {vorpal, Str+4 Dex+3} (11)]
  8764 | Bailey   | Slain by a gnoll shaman

Illustrated notes

Levels and vault maps discovered:
D:1:      dpeg_arrival_boxorama, layout_basic
D:2:      layout_basic, nzn_wu_jian_council_hall, serial_park_tiny_1
D:3:      minmay_diamond_boxcup, layout_loops_ring, gup_sewer_entry_pipe
D:4:      layout_loops_cross, uniq_robin
D:5:      layout_cave_pools, minmay_temple_entry_glass
D:6:      layout_cave_pools, lemuel_coloured_pillars_altar,
          fedhas_bush_and_centaur_altar, lemuel_doored_altar,
          grunt_qazlal_clouds, uniq_eustachio, uniq_prince_ribbit1
D:7:      minmay_the_grid_triangle_9x9_recursive_2
          [minmay_the_grid_triangle_9x9_prize_schism,
          minmay_the_grid_triangle_9x9_negative_grid,
          minmay_the_grid_triangle_9x9_from_above,
          minmay_the_grid_triangle_9x9_sprig], layout_loops_ring,
          serial_co_window_serial, co_window_cross_1, co_window_paths_a,
          co_window_paths_a, co_window_of_opportunity_a, co_window_paths_a,
          co_window_2corner, co_window_paths_c, co_window_of_opportunity_c,
          co_window_2corner, co_window_corner_b, co_window_cross_3,
          co_window_broadway_a, glass_columns_c, glass_columns_a, basic_altar,
          enter_bailey_3, uniq_duvessa
Temple:   regret_index_temple_sphere_string
Bailey:   bailey_polearm_gnolls_kennysheep, bailey

Skill      XL: |  1  2  3  4  5  6  7  8  9 |
---------------+----------------------------+-----
Air Magic      | 3 4 5 6 7 |  7.9
Stealth        | 2 |  2.7
Dodging        | 2 |  2.5
Spellcasting   | 3 4 5 6 7 |  7.7
Conjurations   | 2 3 |  3.6
Translocations | 2 4 |  4.8
Fighting       | |  0.7
Axes           | |  0.1
Slings         | |  0.1

Action                   |  1- 3 |  4- 6 |  7- 9 || total
-------------------------+-------+-------+-------++-------
Melee: Hand axe          |     4 |     5 |       ||     9
       Dagger            |       |       |     1 ||     1
 Fire: Hunting sling     |       |    11 |     1 ||    12
 Cast: Shock             |   101 |   128 |   131 ||   360
       Airstrike         |       |     5 |    96 ||   101
  Use: Scroll            |     5 |     4 |     7 ||    16
       Potion            |       |       |     4 ||     4
Armor: Robe              |    15 |     9 |    31 ||    55
Dodge: Dodged            |    29 |    49 |    77 ||   155

Table legend: (Time is in decaauts)
 A = Elapsed time spent in this place.
 B = Non-inter-level travel time spent in this place.
 C = Inter-level travel time spent in this place.
 D = Time resting spent in this place.
 E = Time spent auto-exploring this place.
 F = Levels seen in this place.
 G = Mean time per level.
                   A        B        C        D        E       F      G
               +--------+--------+--------+--------+--------+-----+--------+
         Total |   8823 |   8669 |    154 |   3128 |   2895 |  10 |  882.3 |
       Dungeon |   7010 |   6869 |    141 |   2306 |   2538 |   7 | 1001.4 |
        Temple |    223 |    210 |     13 |      0 |    147 |   1 |  223.0 |
         Sewer |    597 |    597 |      0 |    191 |    210 |   1 |  597.0 |
        Bailey |    992 |    992 |      0 |    631 |      0 |   1 |  992.0 |
               +--------+--------+--------+--------+--------+-----+--------+

Top non-repeatable levels by time:
     D:1: 1286 daAuts
     D:4: 1266 daAuts
     D:3: 1226 daAuts
     D:6: 1224 daAuts
  Bailey: 992 daAuts
     D:5: 901 daAuts
     D:2: 826 daAuts
   Sewer: 597 daAuts
     D:7: 280 daAuts
  Temple: 223 daAuts
